 Dungeon Crawl Stone Soup version 0.26.1-11-gd32895ea62 (webtiles) character file.

Game seed: 9266650710677404246

147 rake2005 the Conjurer (level 5, -3/28 HPs)
             Began as a Deep Elf Conjurer on Apr 25, 2021.
             Killed by divine providence
             ... invoked by an orc priest
              (13 damage)
             ... on level 3 of the Dungeon.
             The game lasted 00:11:22 (3297 turns).

rake2005 the Conjurer (Deep Elf Conjurer)           Turns: 3297, Time: 00:11:23

Health: -3/28      AC:  2    Str:  4    XL:     5   Next: 7%
Magic:  10/13      EV: 13    Int: 24    God:
Gold:   155        SH:  0    Dex: 13    Spells: 10/13 levels left

rFire    . . .     SeeInvis .   c - +2 short sword (venom)
rCold    . . .     Faith    .   (no shield)
rNeg     . . .     Spirit   .   a - +0 robe
rPois    .         Reflect  .   (no helmet)
rElec    .         Harm     .   (no cloak)
rCorr    .         Rampage  .   (no gloves)
Will     .....                  (no boots)
Stlth    ++........             (no amulet)
HPRegen  0.09/turn              (no ring)
MPRegen  0.13/turn              (no ring)

@: no status effects
A: no striking features
a: no special abilities


You were on level 3 of the Dungeon.
You visited 1 branch of the dungeon, and saw 3 of its levels.

You collected 155 gold pieces.

Inventory:

Hand Weapons
 c - a +2 short sword of venom (weapon)
Armour
 a - a +0 robe (worn)
 o - a +0 leather armour
Scrolls
 g - a scroll of remove curse {unknown}
 h - a scroll of amnesia
 i - a scroll of magic mapping {unknown}
 j - a scroll of enchant weapon {unknown}
 m - a scroll of immolation {unknown}
Potions
 b - a potion of curing {unknown}
 d - 2 potions of flight {unknown}
 e - a potion of lignification {unknown}
 f - a potion of haste {unknown}
 k - 2 potions of heal wounds {unknown}
 l - a potion of invisibility {unknown}
 n - a potion of berserk rage {unknown}


   Skills:
 + Level 0.1 Fighting
 + Level 2.8 Dodging
 + Level 3.1 Stealth
 + Level 4.5 Spellcasting
 + Level 6.0 Conjurations


You had 10 spell levels left.
You knew the following spells:

 Your Spells              Type           Power        Failure   Level
a - Magic Dart            Conj           100%         1%          1
b - Searing Ray           Conj           68%          1%          2

Your spell library contained the following spells:

 Spells                   Type           Power        Failure   Level
 Dazzling Flash           Conj/Hex       38%          9%          3
 Fulminant Prism          Conj/Hex       9%           26%         4
 Iskenderun's Mystic Bla  Conj/Tloc      19%          26%         4


Dungeon Overview and Level Annotations

Branches:
Dungeon (3/15)

Altars:


Message History

Press: ? - help, Shift-Dir - straight line, f - orc wizard, p - orc
Aim: an orc wizard, wielding a +0 dagger and wearing a +0 robe (0% to evade)
The magic dart hits the orc wizard but does no damage.
The orc throws a boomerang.
The boomerang hits you.
The weapon returns to the orc!
The orc wizard casts a spell at you. The magic dart hits you!
The orc throws a boomerang.
The boomerang hits you.
The weapon returns to the orc!
The orc wizard gestures wildly while chanting.
The orc wizard blinks!
Aiming: Magic Dart (safe; 1% risk of failure)
Press: ? - help, Q - select action, (/) - cycle Shift-Dir - straight line, f - orc
Aim: an orc, wielding a +0 war axe (0% to evade)
The magic dart hits the orc.
The orc is lightly wounded.
An orc comes into view. It is wielding a +0 club.
The orc priest calls down the wrath of Beogh upon you.
Beogh smites you!
You die...

######## #.........)..
####............ ##
#............... #(
###............. ###.
#............. ...
####........... ###
#.###..............
.....#........#.........
.......@.†#####........#
.....#.#....# #........#
##. #.#.#### ####).....
#.### ##).... .o #.....
.. #.....


o.o #....# o.. #....# #....# You could see an orc priest and 3 orcs.

Vanquished Creatures
  3 gnolls
  2 adders
  An ooze (D:2)
  3 worms (D:2)
  2 dart slugs
  4 leopard geckos
  10 orcs (D:3)
  3 giant cockroaches
  2 goblins (D:2)
  12 hobgoblins
  2 jackals (D:1)
  6 kobolds
  A quokka (D:2)
  A ball python (D:2)
  8 bats
  5 frilled lizards
  4 rats
69 creatures vanquished.

Notes
Turn   | Place    | Note
-------+----------+-------------------------------------------
     0 | D:1      | rake2005 the Deep Elf Conjurer began the quest for the Orb.
     0 | D:1      | Reached XP level 1. HP: 10/10 MP: 6/6
     2 | D:1      | Noticed a spriggan
     2 | D:1      | Noticed an octopode
     4 | D:1      | Noticed a draconian
     4 | D:1      | Noticed a vampire
     8 | D:1      | Noticed a naga
     8 | D:1      | Noticed an ogre
    10 | D:1      | Noticed a human
    10 | D:1      | Noticed a demonspawn
    12 | D:1      | Noticed a minotaur
    14 | D:1      | Noticed a demigod
    14 | D:1      | Noticed a troll
    16 | D:1      | Noticed a centaur
    16 | D:1      | Noticed an elf
    18 | D:1      | Noticed a ghoul
    18 | D:1      | Noticed a merfolk
    20 | D:1      | Noticed a vine stalker
    20 | D:1      | Noticed a halfling
    22 | D:1      | Noticed a gargoyle
    22 | D:1      | Noticed a formicid
    24 | D:1      | Noticed a tengu
    26 | D:1      | Noticed a dwarf
    28 | D:1      | Noticed a felid
   122 | D:1      | Reached XP level 2. HP: 6/15 MP: 0/8
   395 | D:1      | Reached skill level 5 in Conjurations
   590 | D:1      | Reached XP level 3. HP: 19/19 MP: 7/9
  2083 | D:2      | Reached XP level 4. HP: 24/24 MP: 9/11
  3140 | D:3      | Reached XP level 5. HP: 28/28 MP: 5/13
  3194 | D:3      | Reached skill level 6 in Conjurations
  3227 | D:3      | Learned a level 2 spell: Searing Ray
  3297 | D:3      | Killed from afar by an orc priest

Illustrated notes

Levels and vault maps discovered:
D:1:      kb_arrival_jail, layout_basic, serial_bayou_pond_e
D:2:      layout_basic, serial_glass, glass_columns_a, glass_columns_b
D:3:      lemuel_upstairs_altar, layout_rooms, general_overflow_altar,
          lightli_temple_of_fire

Skill      XL: |  1  2  3  4  5 |
---------------+----------------+-----
Conjurations   | 5 6 |  6.0
Spellcasting   | 4 |  4.5
Stealth        | 3 |  3.1
Fighting       | |  0.1
Dodging        | |  2.8

Action                   |  1- 3 |  4- 6 || total
-------------------------+-------+-------++-------
Melee: Dagger            |     6 |       ||     6
       Short sword       |       |     5 ||     5
 Cast: Magic Dart        |    80 |    71 ||   151
  Use: Scroll            |       |     6 ||     6
Armor: Robe              |     3 |     1 ||     4
Dodge: Dodged            |     8 |    15 ||    23
